 Dungeon Crawl Stone Soup version 0.28-a0-1114-g8eb0198dcf (webtiles) character file.

Game seed: 4653545675037960140

623 Lavandula the Ruffian (level 7, -4/48 HPs)
             Began as a Formicid Transmuter on Dec 11, 2021.
             Slain by an iguana (10 damage)
             ... on level 4 of the Dungeon.
             The game lasted 00:08:07 (4937 turns).

Lavandula the Ruffian (Formicid Transmuter)         Turns: 4937, Time: 00:08:08

Health: -4/48      AC:  6    Str: 14    XL:     7   Next: 75%
Magic:  1/10       EV: 12    Int: 13    God:
Gold:   194        SH:  0    Dex: 13    Spells: 4/10 levels left

rFire   . . .      SeeInvis +     - Unarmed
rCold   . . .      Faith    .   (no shield)
rNeg    . . .      Spirit   .   a - +0 robe
rPois   .          Reflect  .   (helmet unavailable)
rElec   .          Harm     .   m - +2 cloak
rCorr   +          Rampage  .   c - +0 pair of gloves
Will    +....                   (no boots)
Stlth   +.........              (no amulet)
HPRegen 0.16/turn               b - ring of resist corrosion
MPRegen 0.12/turn               i - ring of willpower

@: no status effects
A: permanent stasis, dig shafts and tunnels, antennae 3, four strong arms
a: Dig, Shaft Self


You were on level 4 of the Dungeon.
You visited 1 branch of the dungeon, and saw 4 of its levels.

You collected 194 gold pieces.

Inventory:

Missiles
 l - 2 throwing nets
Armour
 a - a +0 robe (worn)
 c - a +0 pair of gloves (worn)
 m - a +2 cloak (worn)
Jewellery
 b - a ring of resist corrosion (left hand)
 i - a ring of willpower (right hand)
Scrolls
 f - a scroll of teleportation {unknown}
 g - a scroll of summoning {unknown}
 h - 2 scrolls of blinking {unknown}
 n - a scroll of identify {unknown}
 o - a scroll of amnesia {unknown}
Potions
 e - a potion of degeneration {unknown}
 j - a potion of attraction {unknown}
 k - a potion of heal wounds {unknown}
 p - a potion of curing {unknown}
 q - a potion of brilliance {unknown}


   Skills:
 - Level 1.1 Fighting
 - Level 1.7 Dodging
 - Level 6.9 Unarmed Combat
 - Level 2.1 Spellcasting
 + Level 4.9 Transmutations
 - Level 3.0 Poison Magic


You had 4 spell levels left.
You knew the following spells:

 Your Spells              Type           Power      Damage    Failure   Level
a - Beastly Appendage     Tmut           28%        N/A       3%          1
b - Wereblood             Tmut           14%        N/A       4%          2
c - Spider Form           Tmut/Pois      11%        N/A       14%         3

Your spell library contained the following spells:

 Spells                   Type           Power      Damage    Failure   Level
 Ice Form                 Ice/Tmut       7%         N/A       65%         4


Dungeon Overview and Level Annotations

Branches:
Dungeon (4/15)
 Temple: D:4-7

Altars:


Innate Abilities, Weirdness & Mutations

You cannot be hasted, slowed, berserked, paralysed or teleported.
You can dig through walls and to a lower floor.
You have a pair of large antennae on your head. (SInv)
Your four strong arms can wield two-handed weapons with a shield.


Message History

Unknown command.
You hit the iguana. You claw the iguana, but do no damage.
The iguana is heavily wounded.
The iguana closely misses you.
Unknown command.
You hit the iguana but do no damage.
The iguana is heavily wounded.
The iguana misses you.
Unknown command.
You barely miss the iguana. You claw the iguana.
The iguana is heavily wounded.
Your transformation is almost over.
The iguana closely misses you.
Unknown command.
You barely miss the iguana. Your kick misses the iguana.
The iguana is heavily wounded.
The iguana bites you.
Unknown command.
You hit the iguana but do no damage.
The iguana is heavily wounded.
The iguana bites you.
* * * LOW HITPOINT WARNING * * *
Unknown command.
You hit the iguana. Your kick misses the iguana.
The iguana is severely wounded.
The iguana bites you but does no damage.
Unknown command.
Okay, then.
You hit the iguana. Your kick misses the iguana.
The iguana is severely wounded.
The iguana bites you.
* * * LOW HITPOINT WARNING * * *
Unknown command.
It was a potion of cancellation.
Your magical effects are unravelling.
You feel magically purged.
Your magical contamination has completely faded away.
Your talons disappear.
The iguana bites you!
You die...

#....#######
#....# {
##.#.# #.#.#
{#...# {
#..## #..# {
##..# #l@.#
.........#
........##
#########


You could see an iguana.

Vanquished Creatures
  Sigmund (D:3)
  An ogre (D:3)
  2 water moccasin skeletons (D:4)
  Crazy Yiuf (D:3)
  A bullfrog skeleton (D:4)
  Terence (D:3)
  Robin (D:2)
  3 adders
  7 gnolls
  A white imp (D:3)
  A worm (D:2)
  2 dart slugs
  4 orcs (D:3)
  8 endoplasms
  4 giant cockroaches
  13 goblins
  7 hobgoblins
  7 jackals
  7 kobolds
  2 quokkas
  6 ball pythons
  6 bats
  4 frilled lizards
  9 rats
99 creatures vanquished.

Vanquished Creatures (others)
  16 plants (D:1)
16 creatures vanquished.

Grand Total: 115 creatures vanquished

Notes
Turn   | Place    | Note
-------+----------+-------------------------------------------
     0 | D:1      | Lavandula the Formicid Transmuter began the quest for the
                  | Orb.
     0 | D:1      | Reached XP level 1. HP: 15/15 MP: 3/3
   353 | D:1      | Reached XP level 2. HP: 13/21 MP: 5/5
   918 | D:1      | Reached skill level 4 in Unarmed Combat
   918 | D:1      | Reached XP level 3. HP: 12/26 MP: 4/6
  1145 | D:1      | Learned a level 2 spell: Wereblood
  1149 | D:1      | Learned a level 3 spell: Spider Form
  1161 | D:1      | Found a faded altar of an unknown god.
  1368 | D:1      | Reached skill level 1 in Poison Magic
  1998 | D:2      | Reached XP level 4. HP: 29/32 MP: 3/7
  2024 | D:2      | Identified the +0 helmet of Chimes {rElec rC- MP+9 Int+6}
  2024 | D:2      | Noticed Robin
  2037 | D:2      | Killed Robin
  2442 | D:2      | Reached XP level 5. HP: 31/37 MP: 4/8
  2851 | D:3      | Noticed an ogre
  2863 | D:3      | Killed an ogre
  2864 | D:3      | Reached skill level 5 in Unarmed Combat
  2877 | D:3      | Reached XP level 6. HP: 31/43 MP: 6/9
  3019 | D:3      | Noticed Terence
  3028 | D:3      | Killed Terence
  3551 | D:3      | Noticed Sigmund
  3566 | D:3      | Killed Sigmund
  3567 | D:3      | Reached skill level 6 in Unarmed Combat
  3567 | D:3      | Reached XP level 7. HP: 35/48 MP: 4/10
  4297 | D:3      | Found a runed translucent door.
  4298 | D:3      | Noticed Crazy Yiuf
  4308 | D:3      | Killed Crazy Yiuf
  4937 | D:4      | Slain by an iguana

Illustrated notes

Levels and vault maps discovered:
D:1:      amcnicky_arrival_single_pillar, layout_loops_corners,
          hellmonk_ecumenical_altar_arch_garden, serial_bayou_lagoon_b
D:2:      layout_loops_ring, uniq_robin
D:3:      layout_loops_ring, uniq_sigmund, uniq_terence, uniq_crazy_yiuf_cottage
D:4:      layout_loops_ring, columned_hall_lemuel, minmay_hollow_rounded_squares

Skill      XL: |  1  2  3  4  5  6  7 |
---------------+----------------------+-----
Unarmed Combat | 4 5 6 |  6.9
Poison Magic   | 3 |  3.0
Transmutations | 3 4 |  4.9
Fighting       | |  1.1
Dodging        | |  1.7
Spellcasting   | |  2.1

Action                   |  1- 3 |  4- 6 |  7- 9 || total
-------------------------+-------+-------+-------++-------
Melee: Unarmed           |    94 |   112 |    93 ||   299
       Kick              |    11 |     5 |    12 ||    28
       Punch             |       |     1 |     2 ||     3
 Cast: Beastly Appendage |    22 |     6 |     9 ||    37
       Spider Form       |     1 |     8 |     6 ||    15
  Use: Potion            |       |       |     1 ||     1
 Stab: Sleeping          |     4 |     1 |     1 ||     6
Armor: Robe              |    22 |    12 |    13 ||    47
       Skin              |       |     1 |     1 ||     2
Dodge: Dodged            |    58 |    75 |    72 ||   205

Table legend: (Time is in decaauts)
 A = Elapsed time spent in this place.
 B = Non-inter-level travel time spent in this place.
 C = Inter-level travel time spent in this place.
 D = Time resting spent in this place.
 E = Time spent auto-exploring this place.
 F = Levels seen in this place.
 G = Mean time per level.
                   A        B        C        D        E       F      G
               +--------+--------+--------+--------+--------+-----+--------+
         Total |   4934 |   4819 |    115 |    892 |   2995 |   4 | 1233.5 |
       Dungeon |   4934 |   4819 |    115 |    892 |   2995 |   4 | 1233.5 |
               +--------+--------+--------+--------+--------+-----+--------+

Top non-repeatable levels by time:
     D:1: 1801 daAuts
     D:3: 1436 daAuts
     D:2: 1175 daAuts
     D:4: 521 daAuts
